Map: [ESL] Oceanborn

Players

Serral - Winner!

  • Race: Zerg Zerg
  • Spawn Location: 11:00

Cyan

  • Race: Protoss Protoss
  • Spawn Location: 5:00

Event: ESL SC2 Masters 2023 Winter (Finals)

VOD

Have the link to the VOD?

Description

Time

  • Played on: Dec. 15, 2023, 2:25 p.m.
  • Length: 11:54

All games in this series

Show
View Real Time Build Order
Export as new Build Order

Serral Zerg - Winner!

Build Orders: Pool First 

Get SALT Encoding   

  12  0:00  Drone  
  13  0:12  Overlord  
  13  0:17  Drone  
  14  0:31  Drone x2  
  16  0:37  Drone  
  17  0:44  Spawning Pool  
  16  0:55  Drone  
  17  1:09  Hatchery  
  16  1:12  Drone  
  16  1:15  Drone  
  18  1:18  Extractor  
  17  1:30  Queen  
  17  1:31  Zergling x2  
  20  1:34  Drone  
  21  1:41  Overlord  
  21  1:49  Drone  
  22  2:00  Drone  
  23  2:06  Queen  
  25  2:11  Drone  
  26  2:20  Queen  
  26  2:21  Drone  
  26  2:22  Drone  
  30  2:27  Metabolic Boost  
  30  2:32  Drone  
  31  2:41  Hatchery  
  30  2:47  Drone  
  30  2:48  Overlord  
  30  2:52  Zergling x4  
  30  2:54  Zergling x2  
  33  3:00  Drone  
  33  3:01  Drone  
  35  3:06  Overlord  
  35  3:11  Drone  
  36  3:16  Evolution Chamber  
  34  3:24  Drone x4  
  37  3:27  Spore Crawler  
  37  3:28  Drone  
  37  3:29  Drone  
  38  3:34  Queen  
  38  3:35  Drone  
  38  3:40  Drone x3  
  44  3:45  Queen  
  46  3:49  Overlord  
  46  3:52  Drone  
  46  3:53  Drone  
  46  3:55  Drone  
  49  3:58  Drone  
  50  4:03  Spore Crawler  
  50  4:04  Drone  
  50  4:05  Spore Crawler  
  50  4:06  Zergling x2  
  50  4:07  Zergling x2  
  51  4:10  Zergling x2  
  51  4:15  Drone x2  
  54  4:17  Spore Crawler  
  54  4:21  Zergling x2  
  54  4:23  Drone x3  
  58  4:25  Overlord  
  58  4:27  Overlord  
  58  4:29  Drone  
  58  4:31  Drone  
  56  4:40  Queen  
  56  4:45  Drone x4  
  59  4:48  Drone  
  59  4:49  Drone  
  59  4:50  Drone  
  62  4:57  Zergling x2, Baneling Nest  
  62  4:58  Drone x2  
  64  5:03  Roach Warren  
  64  5:04  Zergling x4  
  64  5:05  Drone x2  
  68  5:08  Drone  
  68  5:09  Overlord  
  69  5:16  Lair  
  69  5:17  Drone x2  
  69  5:18  Extractor  
  70  5:22  Overlord  
  70  5:23  Drone x2  
  70  5:24  Drone  
  70  5:25  Overlord  
  73  5:29  Drone x2  
  73  5:32  Overlord  
  75  5:37  Extractor  
  75  5:39  Evolution Chamber  
  75  5:41  Hatchery  
  72  5:44  Drone  
  72  5:45  Drone x3  
  72  5:48  Drone x3  
  72  5:49  Drone  
  79  5:57  Extractor, Drone  
  79  5:58  Overlord  
  79  6:01  Overlord  
  79  6:02  Roach x3  
  83  6:05  Queen  
  83  6:08  Zerg Missile Weapons Level 1  
  83  6:10  Overlord  
  85  6:13  Roach x2  
  85  6:15  Overseer  
  85  6:16  Glial Reconstitution  
  89  6:21  Roach x3  
  94  6:26  Zergling x4, Roach x2  
  94  6:31  Zergling x4  
  102  6:35  Ravager  
  102  6:36  Zergling x12  
  102  6:39  Overlord  
  102  6:47  Roach x5  
  102  6:50  Queen  
  112  6:55  Roach x2  
  112  6:59  Roach x3  
  121  7:03  Ravager  
  121  7:04  Overlord  
  121  7:07  Zergling x6, Roach x2  
  126  7:10  Zergling x4, Roach  
  126  7:14  Roach  
  126  7:15  Roach  
  128  7:18  Overlord  
  128  7:20  Zergling x4  
  128  7:21  Ravager  
  130  7:23  Zergling x2  
  130  7:25  Zergling x2  
  132  7:30  Zergling x10  
  132  7:32  Ravager  
  132  7:34  Zergling x2  
  137  7:37  Ravager  
  137  7:39  Zergling x8  
  137  7:42  Zergling x2  
  137  7:43  Zergling x2  
  133  7:48  Zergling x4  
  133  7:51  Zergling x8  
  126  7:55  Ravager x2  
  126  7:56  Roach  
  132  7:59  Roach x5  
  134  8:06  Roach x3  
  134  8:09  Zergling x10  
  134  8:10  Zergling x2  
  143  8:13  Ravager  
  143  8:15  Zergling x6  
  143  8:18  Roach x2  
  145  8:20  Roach  
  145  8:23  Roach  
  145  8:24  Zergling x2  
  148  8:27  Zergling x6  
  148  8:29  Ravager  
  148  8:32  Zergling x8  
  139  8:37  Queen x3  
  139  8:40  Roach x2  
  144  8:42  Roach  
  144  8:43  Roach  
  144  8:47  Roach x3  
  154  8:51  Overlord  
  154  8:53  Roach x2  
  155  8:59  Roach  
  152  9:04  Drone x4  
  152  9:06  Zerg Melee Weapons Level 1  
  149  9:11  Roach  
  149  9:16  Roach x5  
  146  9:22  Roach  
  146  9:23  Zergling x14, Roach  
  148  9:30  Zergling x2  
  148  9:31  Zergling x8  
  153  9:33  Ravager  
  153  9:37  Zergling x4  
  150  9:39  Zergling x4  
  150  9:45  Roach x3  
  150  9:48  Roach x4  
  152  9:56  Zergling x2, Roach x5  
  160  10:03  Zergling x2, Roach x3  
  163  10:07  Roach  
  163  10:08  Zergling x2  
  163  10:09  Zergling x2  
  163  10:12  Zergling x6  
  164  10:18  Drone x3  
  164  10:19  Drone  
  168  10:21  Spore Crawler  
  168  10:22  Drone, Baneling Nest  
  168  10:23  Overlord x2  
  167  10:29  Pneumatized Carapace  
  167  10:30  Overseer  
  167  10:34  Overlord  
  167  10:43  Drone  
  167  10:44  Zergling x2, Drone  
  167  10:45  Zergling x16  
  173  10:52  Zergling x8  
  174  10:59  Hatchery  
  174  11:00  Zergling x20  
  180  11:09  Zergling x6  
  183  11:11  Overlord x2  
  183  11:14  Overlord  
  182  11:25  Zergling x6  
  183  11:28  Drone, Infestation Pit  
  175  11:34  Zergling x18  
Show
View Real Time Build Order
Export as new Build Order

Cyan Protoss 

Build Orders: 1 Gate Expand, Oracle Opening 

Get SALT Encoding   

  12  0:01  Probe  
  13  0:13  Pylon  
  13  0:17  Probe (Chrono Boost)  
  14  0:27  Probe (Chrono Boost)  
  15  0:32  Probe (Chrono Boost)  
  16  0:39  Gateway  
  16  0:44  Probe  
  16  0:49  Assimilator  
  17  0:56  Probe  
  18  1:08  Probe  
  19  1:20  Probe  
  20  1:26  Cybernetics Core  
  20  1:37  Nexus  
  20  1:39  Probe  
  21  1:47  Pylon  
  21  1:51  Probe  
  22  1:55  Assimilator  
  22  2:02  Adept (Chrono Boost)  
  22  2:03  Probe  
  22  2:07  Warp Gate  
  25  2:15  Probe  
  26  2:22  Adept (Chrono Boost)  
  26  2:28  Probe  
  29  2:37  Stargate  
  29  2:40  Probe  
  30  2:48  Adept  
  30  2:49  Probe (Chrono Boost)  
  33  2:57  Probe (Chrono Boost)  
  34  2:59  Gateway  
  34  3:00  Probe (Chrono Boost)  
  34  3:05  Probe (Chrono Boost)  
  36  3:08  Probe  
  37  3:17  Probe, Pylon  
  37  3:18  Adept  
  40  3:21  Oracle (Chrono Boost)  
  41  3:27  Probe  
  41  3:31  Probe  
  41  3:35  Twilight Council  
  41  3:41  Gateway, Probe  
  41  3:43  Probe  
  43  3:53  Probe  
  43  3:55  Stalker  
  46  3:56  Probe  
  46  3:57  Adept  
  49  4:06  Probe  
  49  4:08  Probe, Pylon  
  51  4:23  Nexus, Probe  
  50  4:31  Probe  
  50  4:34  Gateway  
  50  4:37  Gateway, Adept  
  50  4:38  Adept  
  51  4:41  Blink (Chrono Boost)  
  51  4:45  Probe  
  51  4:49  Shield Battery  
  51  4:51  Oracle (Chrono Boost), Pylon  
  52  4:56  Probe  
  56  5:00  Assimilator  
  56  5:01  Assimilator  
  56  5:02  Probe  
  57  5:08  Probe  
  57  5:10  Gateway  
  58  5:14  Gateway  
  58  5:18  Gateway  
  58  5:21  Probe x2  
  60  5:27  Stalker  
  62  5:29  Stalker  
  62  5:34  Stalker  
  62  5:35  Probe (Chrono Boost)  
  67  5:38  Probe (Chrono Boost)  
  67  5:41  Stalker  
  71  5:43  Probe (Chrono Boost)  
  71  5:46  Probe (Chrono Boost)  
  71  5:47  Probe (Chrono Boost)  
  72  5:50  Stalker  
  72  5:51  Probe (Chrono Boost)  
  72  5:52  Probe (Chrono Boost)  
  76  6:03  Stalker x2  
  80  6:09  Stalker  
  84  6:12  Pylon  
  84  6:13  Pylon  
  84  6:14  Stalker  
  84  6:26  Probe  
  84  6:30  Stalker x3, Probe  
  92  6:34  Stalker x3  
  92  6:38  Pylon  
  98  6:42  Pylon  
  96  6:56  Stalker x5  
  96  6:59  Stalker  
  96  7:01  Gateway  
  108  7:05  Pylon  
  102  7:15  Pylon  
  102  7:16  Stalker x2  
  106  7:25  Stalker x5  
  116  7:30  Stalker  
  112  7:47  Stalker x3  
  108  7:53  Stalker x2  
  108  7:55  Stalker x2  
  108  7:57  Probe x3  
  113  8:07  Stalker x2  
  113  8:09  Probe  
  113  8:10  Assimilator  
  113  8:11  Probe  
  113  8:12  Stalker  
  113  8:21  Stalker x2  
  113  8:24  Stalker  
  113  8:26  Pylon  
  115  8:29  Stalker  
  115  8:33  Zealot x2  
  115  8:37  Stalker x2  
  115  8:41  Probe  
  118  8:45  Adept x2  
  118  8:46  Stalker  
  124  8:52  Stalker  
  122  8:58  Zealot x2, Stalker  
  128  9:04  Stalker x2  
  128  9:16  Stalker x3  
  110  9:21  Stalker  
  110  9:22  Stalker x2  
  110  9:27  Pylon, Stalker  
  112  9:31  Assimilator, Stalker  
  104  9:45  Stalker x3  
  104  9:46  Stalker  
  104  9:49  Stalker  
  104  9:52  Stalker  
  116  9:58  Pylon  
  107  10:14  Stalker x6  
  101  10:18  Pylon  
  111  10:30  Forge  
  111  10:32  Robotics Facility  
  111  10:33  Pylon  
  111  10:34  Shield Battery  
  111  10:35  Stalker x2  
  113  10:36  Pylon  
  113  10:38  Stalker x2  
  103  11:00  Stalker x2  
  103  11:01  Stalker x6  
  118  11:28  Stalker x6  
  123  11:36  Stalker x2  
Tags
 
Add a new tag
Caveats
  • Supply blocks, unpowered buildings, or Contaminate may cause inaccurate times.
  • Supply counts are checked every 10 seconds.